 Dungeon Crawl Stone Soup version 0.29.0 (webtiles) character file.

Game seed: 4649896488123627434

4757 Jonnyslop the Spear-Bearer (level 10, 0/86 (91) HPs)
             Began as a Hill Orc Fighter on Sept 8, 2022.
             Was a Follower of Makhleb.
             Slain by an ice devil (9 damage)
             ... on level 10 of the Dungeon.
             The game lasted 00:19:27 (9836 turns).

Jonnyslop the Spear-Bearer (Hill Orc Fighter)       Turns: 9836, Time: 00:19:28

HP:   0/86 (91)     AC: 18    Str: 24    XL:     10   Next: 46%
MP:   0/15          EV:  8    Int:  8    God:    Makhleb [*.....]
Gold: 353           SH:  0    Dex: 10    Spells: 9/9 levels left

rFire   + . .      SeeInvis .   d - +2 halberd (vamp)
rCold   + . .      Faith    .   (shield currently unavailable)
rNeg    . . .      Spirit   +   A - +1 chain mail
rPois   +          Reflect  .   i - +2 hat
rElec   +          Harm     .   F - +0 cloak
rCorr   +          Rampage  .   (no gloves)
Will    +....                   (no boots)
Stlth   ..........              y - amulet of guardian spirit
HPRegen 0.24/turn               k - ring of willpower
MPRegen 0.14/turn               m - +4 ring of protection

@: resistant, drained
A: no striking features
a: Renounce Religion


You were on level 10 of the Dungeon.
You worshipped Makhleb.
Makhleb was aware of your devotion.
You visited 2 branches of the dungeon, and saw 11 of its levels.

You collected 602 gold pieces.
You spent 249 gold pieces at shops.

Inventory:

Hand Weapons
 d - a +2 vampiric halberd (weapon)
Missiles
 a - 2 throwing nets
 q - 4 atropa-tipped darts
 v - 13 poisoned darts (quivered)
Armour
 i - a +2 hat (worn)
 A - a +1 chain mail (worn)
 F - a +0 cloak (worn)
Jewellery
 h - a ring of flight
 k - a ring of willpower (left hand)
 m - a +4 ring of protection (right hand)
 y - an amulet of guardian spirit (around neck)
Wands
 c - a wand of mindburst (11)
 l - a wand of light (7)
 r - a wand of charming (15)
 s - a wand of roots (11)
 B - a wand of digging (5)
Scrolls
 e - 2 scrolls of fear
 g - 4 scrolls of teleportation
 n - a scroll of enchant weapon
 p - 3 scrolls of amnesia
 C - a scroll of butterflies
 D - 2 scrolls of identify
 E - a scroll of enchant armour
Potions
 b - a potion of attraction
 j - 2 potions of curing
 o - a potion of magic
 t - 2 potions of resistance
 u - 2 potions of flight
 w - 3 potions of brilliance
 x - 2 potions of mutation


   Skills:
 + Level 9.2 Fighting
 - Level 6.8(10.4) Axes
 * Level 10.2(10.9) Polearms
 + Level 7.2 Armour
 - Level 3.2 Shields
 + Level 7.2 Invocations


You had 9 spell levels left.
You didn't know any spells.
Your spell library contained the following spells:

 Spells                   Type           Power      Damage    Failure   Level
 Ensorcelled Hibernation  Hex/Ice        0%         N/A       99%         2
 Sublimation of Blood     Necr           0%         N/A       99%         2
 Wereblood                Tmut           0%         N/A       99%         2
 Conjure Flame            Conj/Fire      0%         6-21      100%        3
 Dazzling Flash           Conj/Hex       0%         N/A       100%        3
 Gell's Gravitas          Tloc           0%         N/A       100%        3
 Ignite Poison            Fire/Tmut/Pois 0%         N/A       100%        3
 Spider Form              Tmut/Pois      0%         N/A       100%        3
 Teleport Other           Tloc           0%         N/A       100%        3
 Tukima's Dance           Hex            0%         N/A       100%        3
 Anguish                  Hex/Necr       0%         N/A       100%        4
 Passage of Golubria      Tloc           0%         N/A       100%        4
 Sticky Flame             Conj/Fire      0%         2d3       100%        4
 Agony                    Necr           0%         N/A       100%        5
 Silence                  Hex/Air        0%         N/A       100%        5
 Yara's Violent Unravell  Hex/Tmut       0%         3d3       100%        5
 Dispersal                Tloc           0%         N/A       100%        6
 Summon Hydra             Summ           0%         N/A       100%        7


Dungeon Overview and Level Annotations

Branches:
Dungeon (10/15)            Temple (1/1) D:5
   Lair: D:8-11         Orc: D:9-12

Altars:
Ashenzari
Cheibriados
Dithmenos
Elyvilon
Fedhas
Gozag
Hepliaklqana
Kikubaaqudgha
Makhleb
Nemelex Xobeh
Okawaru
Qazlal
Ru
Trog
Vehumet
Wu Jian
Xom
Yredelemnul
Zin
The Shining One

Shops:
D:3 ?   D:4 !   D:6 (


Message History

The soul eater is moderately wounded.
The howler monkey hoots and howls with incredible vigour!
The orange demon completely misses you. The soul eater hits you!
You hear a chilling moan.
You are too injured to fight recklessly!
You are too injured to fight recklessly!
You are too injured to fight recklessly!
You are too injured to fight recklessly!
You are too injured to fight recklessly!
You are too injured to fight recklessly!
You are too injured to fight recklessly!
You are too injured to fight recklessly!
You are too injured to fight recklessly!
You are too injured to fight recklessly!
Unknown command.
You are too injured to fight recklessly!
Okay, then.
You feel protected. The orange demon stings you from afar.
The soul eater hits you.
You slash the soul eater!
The soul eater is heavily wounded.
The ice devil hits you. The ice devil freezes you. You resist.
The howler monkey hits you. The orange demon stings you from afar.
The soul eater draws from the surrounding life force!
* * * LOW HITPOINT WARNING * * *
The soul eater is healed.
You closely miss the ice devil. The ice devil hits you.
* * * LOW HITPOINT WARNING * * *
The ice devil freezes you! You resist.
* * * LOW HITPOINT WARNING * * *
The howler monkey hits you but does no damage.
You puncture the soul eater!
The soul eater is heavily wounded.
The orange demon stings you from afar.
* * * LOW HITPOINT WARNING * * *
The soul eater hits you but does no damage.
The ice devil hits you.
* * * LOW HITPOINT WARNING * * *
The ice devil freezes you! You resist.
You die...

.# .~. #...#
44~~ #...#
##P~~~. #...#
#...# 3..~~~~
#...# #...#
..♣~. #...#
#.# #...#
##...~♣ #..4#
#.# #...# #.#
#..3# #.#
#...# #..@#
#.# #...####
#.h4#
#.####.[.....
#.††#
#.......<....
#...#
#..[....#####
#...#
#.......#
#.<.#
#.####..#
#...####.#
#..#
#....)...#
#..#
#........#
#..#


You could see a soul eater, an orange demon, an ice devil and a howler monkey.

Vanquished Creatures
  A gargoyle (D:10)
  An ice devil (D:10)
  2 hornets (D:9)
  Sigmund (D:3)
  A vampire (D:9)
  A wyvern (D:9)
  A wraith (D:9)
  3 yaks (D:9)
  Menkaure (D:6)
  2 acid dragons
  A water moccasin (D:9)
  Edmund (D:6)
  Duvessa (D:6)
  2 orc warriors (D:7)
  A black bear (D:6)
  An ogre (D:6)
  3 scorpions
  4 bullfrogs
  Dowan (D:6)
  6 wights (D:9)
  6 killer bees (D:9)
  5 howler monkeys
  An electric eel (D:8)
  2 jellies
  2 orc priests (D:7)
  3 iguanas
  3 orc wizards
  8 gnolls
  10 adders
  2 white imps (D:6)
  A worm (D:3)
  14 orcs
  5 endoplasms
  6 giant cockroaches
  6 hobgoblins
  3 jackals
  6 quokkas
  9 ball pythons
  5 bats
  5 frilled lizards
  7 goblins
  5 kobolds
  3 rats
152 creatures vanquished.

Vanquished Creatures (others)
  3 demonic plants (D:10)
3 creatures vanquished.

Grand Total: 155 creatures vanquished

Notes
Turn   | Place    | Note
-------+----------+-------------------------------------------
     0 | D:1      | Jonnyslop the Hill Orc Fighter began the quest for the Orb.
     0 | D:1      | Reached XP level 1. HP: 19/19 MP: 1/1
   135 | D:1      | Reached XP level 2. HP: 27/27 MP: 2/2
   424 | D:1      | Reached XP level 3. HP: 32/33 MP: 3/3
  1041 | D:2      | Reached XP level 4. HP: 40/41 MP: 4/4
  1313 | D:3      | Reached skill level 5 in Axes
  1904 | D:2      | Reached XP level 5. HP: 31/47 MP: 5/5
  2015 | D:2      | Reached skill level 1 in Polearms
  2085 | D:3      | Found a burning altar of Makhleb.
  2189 | D:3      | Noticed Sigmund
  2204 | D:3      | Killed Sigmund
  2205 | D:3      | Reached skill level 5 in Fighting
  2205 | D:3      | Reached skill level 3 in Polearms
  2205 | D:3      | Reached XP level 6. HP: 18/56 MP: 6/6
  2593 | D:3      | Found Wofukaz's Magic Scroll Shop.
  2602 | D:3      | Bought a scroll of identify for 26 gold pieces
  2602 | D:3      | Bought a scroll of enchant weapon for 97 gold pieces
  2879 | D:4      | Reached skill level 4 in Polearms
  2879 | D:4      | Reached XP level 7. HP: 62/62 MP: 7/7
  2950 | D:4      | Found Sully Wirgh's Distillery.
  2965 | D:4      | Bought a potion of degeneration for 14 gold pieces
  2965 | D:4      | Bought a potion of heal wounds for 70 gold pieces
  2965 | D:4      | Bought a potion of flight for 42 gold pieces
  3231 | D:4      | Found a glowing silver altar of Zin.
  3674 | D:5      | Entered Level 5 of the Dungeon
  4085 | D:5      | Reached skill level 5 in Polearms
  4108 | D:5      | Found a staircase to the Ecumenical Temple.
  4179 | Temple   | Entered the Ecumenical Temple
  4279 | D:3      | Became a worshipper of Makhleb the Destroyer
  4364 | D:6      | Noticed Menkaure
  4370 | D:6      | Killed Menkaure
  4371 | D:6      | Reached skill level 1 in Invocations
  4371 | D:6      | Reached XP level 8. HP: 41/71 MP: 4/8
  4576 | D:6      | Noticed Edmund
  4614 | D:6      | Killed Edmund
  4907 | D:6      | Reached skill level 6 in Polearms
  4978 | D:6      | Noticed Duvessa
  4979 | D:6      | Noticed Dowan
  4988 | D:6      | Killed Duvessa
  4994 | D:6      | Killed Dowan
  5203 | D:6      | Found Fimmisia's Antique Weapon Shop.
  5810 | D:7      | Reached skill level 7 in Polearms
  6009 | D:7      | Reached skill level 5 in Armour
  6091 | D:7      | Reached XP level 9. HP: 79/79 MP: 11/11
  6104 | D:7      | Found a stormy altar of Qazlal.
  6134 | D:7      | Found a snail-covered altar of Cheibriados.
  6485 | D:8      | Found a basalt altar of Yredelemnul.
  6701 | D:8      | Found a white marble altar of Elyvilon.
  6704 | D:8      | Found an ornate altar of the Wu Jian Council.
  7210 | D:9      | Noticed a hornet
  7220 | D:9      | Paralysed by a hornet for 2 turns
  7228 | D:9      | Paralysed by a hornet for 2 turns
  7234 | D:9      | Killed a hornet
  7235 | D:9      | Reached skill level 8 in Polearms
  7392 | D:9      | Reached skill level 5 in Invocations
  7421 | D:9      | Reached * piety under Makhleb
  7891 | D:9      | Noticed a hornet
  7898 | D:9      | Killed a hornet
  7899 | D:9      | Reached skill level 9 in Polearms
  7974 | D:9      | Found a large runed translucent door.
  7974 | D:9      | Found a large runed translucent door.
  8052 | D:9      | Reached XP level 10. HP: 76/90 MP: 14/14
  8368 | D:9      | HP: 4/90 [something (10)]
  8371 | D:9      | HP: 1/90 [something (1)]
  9122 | D:9      | Found a sacrificial altar of Ru.
  9130 | D:9      | Found a shadowy altar of Dithmenos.
  9191 | D:10     | Entered Level 10 of the Dungeon
  9214 | D:10     | Reached skill level 10 in Polearms
  9329 | D:10     | Noticed a soul eater
  9329 | D:10     | Noticed an orange demon
  9698 | D:10     | Noticed a gargoyle
  9703 | D:10     | Killed a gargoyle
  9836 | D:10     | Slain by an ice devil

Illustrated notes

Levels and vault maps discovered:
D:1:      amcnicky_arrival_feature_with_door, layout_rooms, dk_noncrumbling_3
D:2:      minmay_diamond_boxcup, layout_basic, chequers_serial_rivers_room_b
D:3:      layout_rooms, mainiacjoe_overflow_concentric_impassable, serial_shops,
          nicolae_lakefront_shop, minmay_surrounded, uniq_sigmund
D:4:      layout_basic, lemuel_crystal_altar, serial_shops, shop,
          minmay_starry_boxes
D:5:      layout_loops_cross, minmay_temple_entry_glass
D:6:      layout_basic, serial_shops, shop, serial_rivers,
          chequers_serial_rivers_marsh, chequers_serial_rivers_marsh,
          chequers_serial_rivers_small_b, chequers_serial_rivers_marsh,
          chequers_serial_rivers_micro_b, uniq_duvessa, uniq_menkaure,
          uniq_edmund
D:7:      layout_rooms, nicolae_overflow_hidden_temple
D:8:      layout_cave_pods, mainiacjoe_overflow_alcove_2,
          nicolae_overflow_squiral
D:9:      layout_rooms, jmf_multi_god_temple2, enter_bailey_1,
          hangedman_decor_opposing
D:10:     layout_long_grid, lemuel_coloured_pillars_altar, orc_0_dummy,
          serial_demonic, serial_demonic_f, serial_demonic_c, serial_demonic_c,
          serial_demonic_f
Temple:   hellmonk_temple_of_storms

Skill      XL: |  1  2  3  4  5  6  7  8  9 10 |
---------------+-------------------------------+-----
Axes           | 3 4 5 6 |  6.8
Fighting       | 4 5 6 7 8 9 |  9.2
Polearms       | 3 4 5 7 9 10 | 10.2
Invocations    | 1 3 6 7 |  7.2
Armour         | 5 6 7 |  7.2
Shields        | |  3.2

Action                   |  1- 3 |  4- 6 |  7- 9 | 10-12 || total
-------------------------+-------+-------+-------+-------++-------
Melee: War axe           |    81 |    18 |       |       ||    99
       Halberd           |       |   101 |   286 |   103 ||   490
  Use: Scroll            |     4 |     3 |     8 |     3 ||    18
       Potion            |       |     2 |     6 |     5 ||    13
Armor: Scale mail        |    47 |    61 |    70 |       ||   178
       Skin              |       |       |     1 |       ||     1
       Chain mail        |       |       |    99 |    72 ||   171
Dodge: Dodged            |    34 |    66 |   129 |    25 ||   254
Block: Buckler           |    18 |     3 |       |       ||    21
